 Dungeon Crawl Stone Soup version 0.31-a0-859-g9dce7d3444 (webtiles) character file.

Game seed: 15481809474087629599

0 Kurtz the Sneak (level 1, 0/21 HPs)
             Began as a Naga Delver on Oct 9, 2023.
             Succumbed to an adder's poison
             ... on level 5 of the Dungeon.
             The game lasted 00:00:08 (18 turns).

Kurtz the Sneak (Naga Delver)                         Turns: 18, Time: 00:00:09

Health: 0/21       AC:  1    Str: 14    XL:     1   Next: 0%
Magic:  1/1        EV:  9    Int: 10    God:
Gold:   0          SH:  0    Dex: 12    Spells: 0/0 levels left

rFire   . . .        a - +0 hand axe
rCold   . . .        (no shield)
rNeg    . . .        b - +0 leather armour
rPois   +            (no helmet)
rElec   .            (no cloak)
rCorr   .            (no gloves)
SInv    +            (no barding)
Will    .....        (no amulet)
Stlth   +++          (no ring)
HPRegen 0.23/turn    (no ring)
MPRegen 0.07/turn

%: no passive effects
@: lethally poisoned (0 -> -1), very slow
A: AC +0, large, see invisible, deformed body, poison resistance, slowness 2,
spit poison 1, naga tail 1
a: Spit Poison


You were on level 5 of the Dungeon.
You visited 1 branch of the dungeon, and saw 1 of its levels.

Inventory:

Hand Weapons
 a - a +0 hand axe (weapon)
Armour
 b - a +0 leather armour (worn)
Wands
 g - a wand of digging (3)
Scrolls
 c - a scroll of fog
 d - a scroll of revelation
 e - a scroll of fear
Potions
 f - a potion of haste


   Skills:
 - Level 3.0 Fighting
 * Level 2.0 Axes
 - Level 1.5 Dodging
 - Level 7.2 Stealth


You couldn't memorise any spells.
You didn't know any spells.
Your spell library was empty.

Dungeon Overview and Level Annotations

Branches:
Dungeon (5/15)             Temple (0/1) D:5

Altars:


Innate Abilities, Weirdness & Mutations

Your serpentine skin is tough. (AC +0)
You have supernaturally acute eyesight. (SInv)
Armour fits poorly on your strangely shaped body.
Your system is resistant to poisons. (rPois)
You cover ground very slowly.
You can spit poison.
You have a snake-like lower body.


Message History

Unknown command.
You hit the adder but do no damage.
The adder is heavily wounded.
The adder bites you. The adder bites you but does no damage.
You hit the adder but do no damage.
The adder is heavily wounded.
The adder bites you.
You closely miss the adder.
The adder is heavily wounded.
You have got your breath back.
The adder bites you.
You are poisoned.
The adder poisons you! The adder bites you.
Unknown command.
You closely miss the adder.
The adder is heavily wounded.
You feel sick. The adder bites you.
You are too injured to fight recklessly!
You closely miss the adder.
The adder is heavily wounded.
You feel sick. The adder bites you.
* * * LOW HITPOINT WARNING * * *
The adder bites you.
* * * LOW HITPOINT WARNING * * *
You are too injured to fight recklessly!
You barely miss the adder.
The adder is heavily wounded.
You feel sick. The adder bites you.
* * * LOW HITPOINT WARNING * * *
You are too injured to fight recklessly!
You hit the adder.
The adder is severely wounded.
* * * LOW HITPOINT WARNING * * *
You feel sick. The adder barely misses you. The adder bites you.
* * * LOW HITPOINT WARNING * * *
Unknown command.
Okay, then.
You hit the adder.
You kill the adder!
You die...

... .#... ...
#.#>. # ##.. ....
#. #...#.#.####
#.##............
##.....#.⌠.#.....
#....#.......#...
#..#...⌠.>.⌠...#.
#....#..@....#...
#......#.⌠.#.....
#.............?.<
#...>...#.#......
#................
#........#.#.....
#.)........#.....
#.......#### .###
#######..


There were no monsters in sight!

Vanquished Creatures
  An adder (D:5)
1 creature vanquished.

Notes
Turn   | Place    | Note
-------+----------+-------------------------------------------
     0 | D:5      | Kurtz the Naga Delver began the quest for the Orb.
     0 | D:5      | Reached XP level 1. HP: 21/21 MP: 1/1
    17 | D:5      | HP: 1/21 [adder (1)]
    18 | D:5      | Succumbed to an adder's poison

Illustrated notes

Levels and vault maps discovered:
D:5:      layout_basic, minmay_temple_entry_sparse_star, uniq_edmund

Action                     || total
---------------------------++-------
  Melee: Hand axe          ||     8
Ability: Spit Poison       ||     2
 Armour: Leather armour    ||    10
  Dodge: Dodged            ||     2

Table legend: (Time is in decaauts)
 A = Elapsed time spent in this place.
 B = Non-inter-level travel time spent in this place.
 C = Inter-level travel time spent in this place.
 D = Time resting spent in this place.
 E = Time spent auto-exploring this place.
 F = Levels seen in this place.
 G = Mean time per level.
                   A        B        C        D        E       F      G
               +--------+--------+--------+--------+--------+-----+--------+
         Total |     23 |     21 |      2 |      0 |      0 |   1 |   23.0 |
       Dungeon |     23 |     21 |      2 |      0 |      0 |   1 |   23.0 |
               +--------+--------+--------+--------+--------+-----+--------+

Top non-repeatable levels by time:
     D:5: 23 daAuts
